 Dungeon Crawl Stone Soup version 0.30-a0-358-g0d69a1922f (webtiles) character file.

Game seed: 16460098968959605088

3227 Ijustatesigmund the Reanimator (level 9, -1/43 (48) HPs)
             Began as a Deep Elf Necromancer on Nov 10, 2022.
             Slain by a wraith (9 damage)
             ... on level 7 of the Dungeon.
             The game lasted 00:24:26 (8867 turns).

Ijustatesigmund the Reanimator (DENe)               Turns: 8867, Time: 00:24:27

HP:   -1/43 (48)    AC:  5    Str:  5    XL:     9   Next: 66%
MP:   24/24         EV: 13    Int: 25    God:
Gold: 334           SH:  0    Dex: 15    Spells: 18/27 levels left

rFire   . . .      SeeInvis .    m - staff of death
rCold   . . .      Faith    .    (no shield)
rNeg    + . .      Spirit   .    a - +0 robe
rPois   .          Reflect  .    l - +0 helmet
rElec   .          Harm     .    (no cloak)
rCorr   .          Rampage  .    g - +1 pair of gloves
Will    .....                    (no boots)
Stlth   ++........               (no amulet)
HPRegen 0.27/turn                (no ring)
MPRegen 0.19/turn                (no ring)

@: slowed, heavily drained, very slow
A: no striking features
a: no special abilities


You were on level 7 of the Dungeon.
You visited 1 branch of the dungeon, and saw 8 of its levels.

You collected 334 gold pieces.

Inventory:

Hand Weapons
 c - a +0 vampiric dagger
 d - a +4 flail of holy wrath
Missiles
 t - 3 curare-tipped darts (quivered)
 u - a throwing net
Armour
 a - a +0 robe (worn)
 g - a +1 pair of gloves (worn)
 l - a +0 helmet (worn)
Magical Staves
 m - a staff of death (weapon)
Wands
 h - a wand of flame (13)
Scrolls
 e - 3 scrolls of identify
 f - 4 scrolls of teleportation
 i - 2 scrolls of summoning
 p - a scroll of amnesia
 w - a scroll of enchant armour
Potions
 b - 2 potions of magic
 j - 3 potions of curing
 k - 2 potions of might
 n - 3 potions of heal wounds
 o - a potion of resistance {unknown}
 q - 2 potions of haste {unknown}
 r - 2 potions of flight
 s - a potion of brilliance {unknown}
 v - a potion of attraction {unknown}


   Skills:
 - Level 2.0 Fighting
 - Level 1.0 Short Blades
 + Level 6.2 Staves
 - Level 3.0 Dodging
 - Level 2.4 Stealth
 + Level 9.5 Spellcasting
 + Level 9.6 Necromancy
 + Level 6.6 Evocations


You had 18 spell levels left.
You knew the following spells:

 Your Spells              Type           Power      Damage    Failure   Level
a - Necrotise             Necr           100%       1d9       1%          1
b - Vampiric Draining     Necr           74%        2d11      1%          3
c - Agony                 Necr           74%        N/A       2%          5

Your spell library contained the following spells:

 Spells                   Type           Power      Damage    Failure   Level
 Animate Dead             Necr           74%        N/A       1%          4
 Sandblast                Erth           22%        2d7       5%          1
 Animate Armour           Summ/Erth      22%        N/A       45%         4
 Leda's Liquefaction      Hex/Erth       5%         N/A       45%         4
 Petrify                  Tmut/Erth      11%        N/A       45%         4
 Blade Hands              Tmut           5%         N/A       82%         5
 Iron Shot                Conj/Erth      5%         9d2       100%        6


Dungeon Overview and Level Annotations

Branches:
Dungeon (8/15)             Temple (0/1) D:7
   Lair: D:8-11

Altars:
Elyvilon
Kikubaaqudgha
Sif Muna
Trog

Shops:
D:1 ((=   D:5 :

Portals:
Abyss: D:4

Annotations:
D:4 2 transporters, jehirs's ghost, amateur KoBe


Message History

There is a stone staircase leading up here.
You climb upwards.
Your summoned ally is left behind.
There is a stone staircase leading down here.
You start resting.
HP restored.
Done exploring.
There is a stone staircase leading down here.
You climb downwards.
There is a stone staircase leading up here.
Found a staircase to the Ecumenical Temple.
u - a throwing net
Found an escape hatch in the ceiling.
A wraith comes into view.
Found a stone staircase leading down.
You hit the wraith but do no damage. The wraith hits you!
The wraith drains your vigour!
You feel yourself slow down.
You hit the wraith but do no damage. The wraith closely misses you.
You hit the wraith but do no damage. The wraith misses you.
You barely miss the wraith. The wraith closely misses you. The wraith hits you!
The wraith drains your vigour!
You feel as though you will be slow longer.
You hit the wraith but do no damage. The wight closely misses you.
The wraith barely misses you.
You hit the wraith but do no damage. The wight hits you with a +5 hand axe!
The wraith hits you.
* * * LOW HITPOINT WARNING * * *
The wraith drains your vigour!
You feel as though you will be slow longer.
You are too injured to fight recklessly!
You are too injured to fight recklessly!
You are too injured to fight recklessly!
You are too injured to fight recklessly!
You are too injured to fight recklessly!
You are too injured to fight recklessly!
The wight hits you with a +5 hand axe.
* * * LOW HITPOINT WARNING * * *
You partially resist.
You feel drained. The wraith hits you but does no damage.
The wraith attacks as you move away! The wraith misses you.
The wraith attacks as you move away! The wraith hits you!
You die...

#...>......
#..........
#.......... ##
#.............#
...##.............#
#.................#
#..##..............
#.....Wz............
#.....#@.............
......#..............
....# #..............
.... #.###..........
... #.#
#...........PP .. .<#
#............. ####
#...[.........
#.............
#.............


You could see a wraith and a wight.

Vanquished Creatures
  Prince Ribbit (D:6)
  Grinder (D:6)
  4 yaks (D:8)
  Edmund (D:6)
  A water moccasin (D:5)
  2 orc warriors (D:7)
  An ice beast (D:7)
  A sky beast (D:6)
  3 ogres
  A kobold brigand (D:6)
  A phantom (D:6)
  Blork the orc (D:6)
  2 scorpions (D:4)
  A bullfrog (D:6)
  A necrophage (D:4)
  2 wights (D:7)
  4 killer bees
  5 jellies
  An orc priest (D:7)
  3 hounds
  Jessica (D:3)
  5 iguanas
  An orc wizard (D:6)
  9 adders
  7 gnolls (D:5)
  A shadow imp (D:5)
  An ufetubus (D:4)
  5 worms (D:2)
  13 orcs
  7 ball pythons
  9 endoplasms
  A giant cockroach (D:2)
  4 hobgoblins
  6 jackals
  4 quokkas
  8 bats
  2 frilled lizards
  4 goblins
  9 kobolds
  3 rats
137 creatures vanquished.

Vanquished Creatures (collateral kills)
  A ball python (D:1)
1 creature vanquished.

Vanquished Creatures (others)
  A plant (D:7)
1 creature vanquished.

Grand Total: 139 creatures vanquished

Notes
Turn   | Place    | Note
-------+----------+-------------------------------------------
     0 | D:1      | Ijustatesigmund the Deep Elf Necromancer began the quest
                  | for the Orb.
     0 | D:1      | Reached XP level 1. HP: 10/10 MP: 6/6
   164 | D:1      | Reached skill level 5 in Necromancy
   199 | D:1      | Reached XP level 2. HP: 14/16 MP: 2/8
   432 | D:1      | Found Vaujiffe's Weapon Boutique.
   443 | D:1      | Found a faded altar of an unknown god.
   486 | D:1      | Found Hooqas's Antique Weapon Shoppe.
   564 | D:1      | Reached skill level 1 in Fighting
   623 | D:1      | Found Kisux's Jewellery Shop.
  1103 | D:2      | Got Koducum's Grimoire of Terrain
  1117 | D:2      | Reached XP level 3. HP: 20/20 MP: 5/10
  1121 | D:2      | Learned a level 3 spell: Vampiric Draining
  1350 | D:2      | Found an ancient bone altar of Kikubaaqudgha.
  2059 | D:2      | Reached XP level 4. HP: 25/25 MP: 6/12
  2680 | D:3      | Noticed Jessica
  2681 | D:3      | Killed Jessica
  2956 | D:3      | Found a shimmering blue altar of Sif Muna.
  3344 | D:4      | Reached skill level 1 in Short Blades
  3445 | D:4      | Reached XP level 5. HP: 30/30 MP: 8/13
  3600 | D:4      | Reached skill level 1 in Staves
  3600 | D:4      | Reached skill level 5 in Spellcasting
  3980 | D:4      | Reached XP level 6. HP: 35/35 MP: 12/15
  4067 | D:4      | Found a transporter.
  4068 | D:4      | Found a transporter.
  4100 | D:4      | Noticed a small abomination
  4208 | D:4      | Noticed jehirs's ghost (amateur KoBe)
  4265 | D:4      | Reached skill level 1 in Evocations
  4360 | D:4      | Found a one-way gate to the infinite horrors of the Abyss.
  4457 | D:5      | Entered Level 5 of the Dungeon
  4822 | D:5      | Reached XP level 7. HP: 39/40 MP: 8/17
  5258 | D:5      | Found a large runed translucent door.
  5258 | D:5      | Found a large runed translucent door.
  5552 | D:5      | Learned a level 5 spell: Agony
  5668 | D:5      | Found Filimn's Self-Improvement Boutique.
  5817 | D:5      | Found a bloodstained altar of Trog.
  5822 | D:5      | Found a white marble altar of Elyvilon.
  5910 | D:6      | Noticed Prince Ribbit
  5916 | D:6      | Killed Prince Ribbit
  5917 | D:6      | Reached XP level 8. HP: 44/44 MP: 13/20
  6176 | D:6      | Noticed Grinder
  6614 | D:6      | Noticed Edmund
  6621 | D:6      | Killed Edmund
  6971 | D:6      | Reached skill level 5 in Evocations
  7053 | D:6      | Paralysed by Grinder for 5 turns
  7131 | D:6      | Killed Grinder
  7132 | D:6      | Reached skill level 5 in Staves
  7244 | D:6      | Reached XP level 9. HP: 48/48 MP: 18/23
  7299 | D:6      | Noticed Blork the orc
  7309 | D:6      | Killed Blork the orc
  8599 | D:7      | HP: 2/44 [wight/+5 hand axe (7)]
  8832 | D:7      | Found a staircase to the Ecumenical Temple.
  8867 | D:7      | Slain by a wraith

Illustrated notes

Levels and vault maps discovered:
D:1:      dpeg_arrival_central, layout_loops_ring, serial_shops, shop,
          nicolae_shop_stone, shop, ebering_ecumenical_altar_sacrificial
D:2:      layout_basic, basic_altar, minmay_misc_feat_enclosed,
          minmay_pentomino_t2
D:3:      layout_loops_cross, lemuel_blue_sif_altar, uniq_jessica
D:4:      minmay_door_path, layout_basic, gammafunk_ghost_abyssal_escape
D:5:      layout_loops_ring, jmf_multi_god_temple2, nicolae_shop_self_help
D:6:      layout_basic, uniq_blork_the_orc, uniq_grinder, uniq_prince_ribbit1,
          uniq_edmund
D:7:      layout_basic, minmay_temple_entry_overgrown, serial_corexii_hall,
          chequers_hall_statues_wall_a, corexii_hall_statues_x, glass_columns_b
D:8:      layout_loops_ring, grunt_ministairs_8

Skill      XL: |  1  2  3  4  5  6  7  8  9 |
---------------+----------------------------+-----
Necromancy     | 5 6 7 8 9 |  9.6
Fighting       | 1 2 |  2.0
Spellcasting   | 4 5 7 8 9 |  9.5
Short Blades   | 1 |  1.0
Staves         | 1 2 3 5 6 |  6.2
Dodging        | 3 |  3.0
Evocations     | 2 3 5 6 |  6.6
Stealth        | |  2.4

Action                   |  1- 3 |  4- 6 |  7- 9 || total
-------------------------+-------+-------+-------++-------
Melee: Dagger            |    17 |    49 |     2 ||    68
       Staff             |       |     1 |   128 ||   129
       Punch             |       |     4 |     2 ||     6
Throw: Dart              |       |     2 |    10 ||    12
 Cast: Necrotise         |    86 |    69 |    88 ||   243
       Vampiric Draining |     1 |    13 |    39 ||    53
       Agony             |       |       |     2 ||     2
Evoke: Wand              |       |       |    17 ||    17
  Use: Scroll            |     3 |    12 |     5 ||    20
       Potion            |       |       |     3 ||     3
 Stab: Sleeping          |     1 |       |     4 ||     5
       Distracted        |       |       |     1 ||     1
Armor: Robe              |     7 |    23 |    37 ||    67
Dodge: Dodged            |    15 |    64 |   113 ||   192

Table legend: (Time is in decaauts)
 A = Elapsed time spent in this place.
 B = Non-inter-level travel time spent in this place.
 C = Inter-level travel time spent in this place.
 D = Time resting spent in this place.
 E = Time spent auto-exploring this place.
 F = Levels seen in this place.
 G = Mean time per level.
                   A        B        C        D        E       F      G
               +--------+--------+--------+--------+--------+-----+--------+
         Total |   8863 |   8622 |    241 |   2243 |   5136 |   8 | 1107.9 |
       Dungeon |   8863 |   8622 |    241 |   2243 |   5136 |   8 | 1107.9 |
               +--------+--------+--------+--------+--------+-----+--------+

Top non-repeatable levels by time:
     D:5: 1830 daAuts
     D:4: 1335 daAuts
     D:6: 1173 daAuts
     D:2: 1137 daAuts
     D:3: 1114 daAuts
     D:1: 1078 daAuts
     D:7: 943 daAuts
     D:8: 249 daAuts
